 Dungeon Crawl Stone Soup version 0.31-a0-1027-gfb7600b (webtiles) character file.

Game seed: 426776471569113565

148 PurpleRed the Chopper (level 5, 0/32 HPs)
             Began as a Deep Elf Fighter on Nov 17, 2023.
             Slain by a black bear (3 damage)
             ... on level 4 of the Dungeon.
             The game lasted 00:05:26 (2840 turns).

PurpleRed the Chopper (Deep Elf Fighter)            Turns: 2840, Time: 00:05:27

Health: 0/32       AC:  9    Str: 15    XL:     5   Next: 8%
Magic:  7/7        EV:  6    Int: 13    God:
Gold:   123        SH:  4    Dex: 14    Spells: 4/4 levels left

rFire   . . .        a - +0 war axe
rCold   . . .        c - +0 buckler
rNeg    + . .        n - +0 chain mail
rPois   .            (no helmet)
rElec   .            (no cloak)
rCorr   .            h - +0 pair of gloves
SInv    +            (no boots)
Will    .....        (no amulet) Stlth
                     o - ring of see invisible
HPRegen 0.25/turn    p - ring of positive energy
MPRegen 0.10/turn

%: no passive effects
@: no status effects
A: no striking features
a: no special abilities


You were on level 4 of the Dungeon.
You visited 1 branch of the dungeon, and saw 4 of its levels.

You collected 183 gold pieces.
You spent 60 gold pieces at shops.

Inventory:

Hand Weapons
 a - a +0 war axe (weapon)
 k - a +2 antimagic whip
 v - a +2 mace of protection
Missiles
 e - 8 poisoned darts
 f - 9 javelins
Armour
 b - a +0 scale mail
 c - a +0 buckler (worn)
 h - a +0 pair of gloves (worn)
 n - a +0 chain mail (worn)
Jewellery
 o - a ring of see invisible (left hand)
 p - a ring of positive energy (right hand)
Wands
 w - a wand of flame (28)
Scrolls
 l - a scroll of vulnerability {unknown}
 s - a scroll of blinking
Potions
 d - 3 potions of might
 g - a potion of heal wounds {unknown}
 i - 2 potions of curing {unknown}
 j - 2 potions of haste {unknown}
 m - a potion of magic {unknown}
 q - a potion of invisibility {unknown}
 r - 3 potions of enlightenment {unknown}
 t - 2 potions of cancellation {unknown}
 u - a potion of mutation {unknown}


   Skills:
 + Level 3.4 Fighting
 * Level 3.6 Axes
 - Level 2.4 Armour
 - Level 2.4 Shields


You had 4 spell levels left.
You didn't know any spells.
Your spell library contained the following spells:

 Spells                   Type           Power      Damage    Failure   Level
 Blink                    Tloc           0%         N/A       100%        2
 Cigotuvi's Dreadful Rot  Necr/Pois/Air  0%         N/A       100%        2
 Lesser Beckoning         Tloc           0%         N/A       100%        2
 Momentum Strike          Conj/Tloc      0%         3d8       100%        2
 Ignite Poison            Fire/Tmut/Pois 0%         N/A       100%        3
 Summon Guardian Golem    Hex/Summ       0%         N/A       100%        3
 Freezing Cloud           Conj/Ice/Air   0%         6-21      100%        5
 Orb of Destruction       Conj           0%         9d5       100%        7
 Spellforged Servitor     Conj/Summ      0%         N/A       100%        7


Dungeon Overview and Level Annotations

Branches:
Dungeon (4/15)
 Temple: D:4-7

Altars:
Vehumet
Xom

Shops:
D:1 (   D:3 *

Annotations:
D:1 2 transporters


Message History

A black bear comes into view.
You hit the black bear.
The black bear is lightly wounded.
The black bear bites you but does no damage.
The black bear barely misses you.
The black bear claws you but does no damage.
You hit the black bear but do no damage.
The black bear is lightly wounded.
The black bear bites you but does no damage.
The black bear barely misses you. The black bear claws you.
The black bear bites you but does no damage.
You block the black bear's attack.
The black bear claws you but does no damage.
You hit the black bear.
The black bear is lightly wounded.
The black bear bites you but does no damage.
The black bear claws you but does no damage. x2
You hit the black bear.
The black bear is moderately wounded.
The black bear bites you. The black bear barely misses you. x2
You slash the black bear!
The black bear is severely wounded.
The black bear goes berserk!
You block the black bear's attack. The black bear claws you.
The black bear claws you but does no damage.
You slash the black bear!
The black bear is almost dead.
The black bear bites you. The black bear claws you.
The black bear claws you but does no damage.
The black bear bites you. The black bear barely misses you.
The black bear claws you.
You closely miss the black bear.
The black bear is almost dead.
The black bear barely misses you. The black bear claws you.
* * * LOW HITPOINT WARNING * * *
The black bear completely misses you. The black bear bites you.
* * * LOW HITPOINT WARNING * * *
The black bear claws you but does no damage.
The black bear claws you.
You die...

.#.##....##.....#
#.#..#.#
................#
#.##.#.#
##.#.#...##.....#
#.##.#.#
##.#.##.## .(...#
#.##.#.#
...#.#### ######
#......# ####.#
### ####.### #>#
...### #.# #.#
###.#.## #.# #.#
#...h@.# #.#
....#.#.## #.# .
# #.#####.#
#.......#
######### ### ..#
#.# #.#


You could see a black bear (berserk).

Vanquished Creatures
  An orc priest (D:4)
  Ijyb (D:4)
  An adder (D:4)
  A worm (D:4)
  A dart slug (D:1)
  3 orcs (D:4)
  8 endoplasms
  3 giant cockroaches
  4 goblins
  11 hobgoblins
  8 jackals
  6 kobolds
  A quokka (D:1)
  5 ball pythons
  6 bats
  3 frilled lizards
  3 rats
66 creatures vanquished.

Notes
Turn   | Place    | Note
-------+----------+-------------------------------------------
     0 | D:1      | PurpleRed the Deep Elf Fighter began the quest for the Orb.
     0 | D:1      | Reached XP level 1. HP: 13/13 MP: 3/3
   143 | D:1      | Found Zaustrya's Antique Weapon Shoppe.
   236 | D:1      | Reached XP level 2. HP: 18/18 MP: 4/4
   735 | D:2      | You fall into a shaft and drop 1 floor!
   797 | D:3      | Reached XP level 3. HP: 22/22 MP: 5/5
  1645 | D:3      | Found Puikku's Assorted Antiques.
  1653 | D:3      | Bought a scroll labelled SARIAM NI OHAILAR for 32 gold
                  | pieces
  1653 | D:3      | Bought a sedimented brown potion for 28 gold pieces
  1948 | D:3      | Found a radiant altar of Vehumet.
  1948 | D:3      | Found a shimmering altar of Xom.
  2221 | D:4      | Reached XP level 4. HP: 13/28 MP: 6/6
  2642 | D:4      | Noticed Ijyb
  2660 | D:4      | Killed Ijyb
  2661 | D:4      | Reached XP level 5. HP: 5/32 MP: 7/7
  2833 | D:4      | Noticed a black bear
  2840 | D:4      | Slain by a black bear

Illustrated notes

Levels and vault maps discovered:
D:1:      spicycebolla_arrival_transporter_tutorial, layout_basic, serial_shops,
          nicolae_shop_scrapyard, minmay_misc_feat_alley, wad_floor_pattern_2
D:2:      layout_loops_ring
D:3:      layout_basic, amethyst_overflow_temple_binary, serial_shops, shop,
          st_stairs_2
D:4:      layout_loops_cross, gammafunk_temple_overflow_forgotten, uniq_ijyb

Skill      XL: |  1  2  3 |
---------------+----------+-----
Axes           | 2 3 |  3.6
Fighting       | 3 |  3.4
Armour         | |  2.4
Shields        | |  2.4

Action                     |  1- 3 |  4- 6 || total
---------------------------+-------+-------++-------
  Melee: War axe           |   126 |    62 ||   188
  Throw: Javelin           |       |     3 ||     3
    Use: Scroll            |     4 |       ||     4
 Armour: Scale mail        |    65 |       ||    65
         Chain mail        |    67 |    68 ||   135
  Dodge: Dodged            |    72 |    20 ||    92
  Block: Buckler           |    34 |     7 ||    41

Table legend: (Time is in decaauts)
 A = Elapsed time spent in this place.
 B = Non-inter-level travel time spent in this place.
 C = Inter-level travel time spent in this place.
 D = Time resting spent in this place.
 E = Time spent auto-exploring this place.
 F = Levels seen in this place.
 G = Mean time per level.
                   A        B        C        D        E       F      G
               +--------+--------+--------+--------+--------+-----+--------+
         Total |   2916 |   2724 |    192 |     23 |   2107 |   4 |  729.0 |
       Dungeon |   2916 |   2724 |    192 |     23 |   2107 |   4 |  729.0 |
               +--------+--------+--------+--------+--------+-----+--------+

Top non-repeatable levels by time:
     D:2: 753 daAuts
     D:3: 749 daAuts
     D:1: 715 daAuts
     D:4: 697 daAuts
